 Dungeon Crawl Stone Soup version 0.28-b1-1-g3c77fb2ed1 (webtiles) character file.

Game seed: 12214589207142083069

103 zeram the Ducker (level 4, -4/44 HPs)
             Began as a Troll Fighter on Jan 28, 2022.
             Killed by divine providence
             ... invoked by an orc priest
              (8 damage)
             ... on level 3 of the Dungeon.
             The game lasted 00:02:17 (1310 turns).

zeram the Ducker (Troll Fighter)                    Turns: 1310, Time: 00:02:17

Health: -4/44      AC:  4    Str: 26    XL:     4   Next: 51%
Magic:  3/3        EV:  9    Int:  4    God:
Gold:   159        SH:  7    Dex:  9    Spells: 3/3 levels left

rFire   . . .      SeeInvis .   f - +4 mace
rCold   . . .      Faith    .   c - +0 kite shield
rNeg    . . .      Spirit   .   b - +0 robe
rPois   .          Reflect  .   (helmet restricted)
rElec   .          Harm     .   (no cloak)
rCorr   .          Rampage  .   (gloves unavailable)
Will    .....                   (boots unavailable)
Stlth   +.........              (no amulet)
HPRegen 0.94/turn               (no ring)
MPRegen 0.08/turn               (no ring)

@: mighty
A: large, unfitting armour, claws 3, regeneration 1, shaggy fur 1, tough skin 1
a: no special abilities


You were on level 3 of the Dungeon.
You visited 1 branch of the dungeon, and saw 3 of its levels.

You collected 159 gold pieces.

Inventory:

Hand Weapons
 a - a +0 flail
 f - a +4 mace (weapon)
Armour
 b - a +0 robe (worn)
 c - a +0 kite shield (worn)
Potions
 d - a potion of flight {unknown}
 j - a potion of ambrosia {unknown}


   Skills:
 - Level 2.4 Fighting
 + Level 3.0 Maces & Flails
 + Level 3.2 Dodging
 + Level 3.1 Shields


You had 3 spell levels left.
You didn't know any spells.
Your spell library contained the following spells:

 Spells                   Type           Power      Damage    Failure   Level
 Static Discharge         Conj/Air       0%         N/A       90%         2
 Dispel Undead            Necr           0%         3d6       100%        4
 Sticky Flame             Conj/Fire      0%         2d3       100%        4


Dungeon Overview and Level Annotations

Branches:
Dungeon (3/15)

Altars:


Innate Abilities, Weirdness & Mutations

You are too large for most types of armour.
You have claws for hands.
Your natural rate of healing is unusually fast.
You are covered in fur. (AC +1)
You have tough skin. (AC +1)


Message History

You are too injured to fight recklessly!
You are too injured to fight recklessly!
You are too injured to fight recklessly!
You are too injured to fight recklessly!
You are too injured to fight recklessly!
You are too injured to fight recklessly!
You are too injured to fight recklessly!
You are too injured to fight recklessly!
You are too injured to fight recklessly!
You are too injured to fight recklessly!
You are too injured to fight recklessly!
You are too injured to fight recklessly!
Unknown command.
You closely miss the orc priest.
The orc priest is heavily wounded.
The frilled lizard hisses angrily.
The orc priest barely misses you.
The orc priest looks braver for a moment.
You closely miss the orc priest.
The orc priest is heavily wounded.
The orc wizard mumbles some strange words.
The orc wizard flickers and vanishes!
Deactivating autopickup; reactivate with Ctrl-A.
The orc priest hits you but does no damage.
The orc priest hits you with a +0 dagger.
The orc wizard mumbles some strange words.
The orc wizard flickers and vanishes!
You hit the orc priest.
The orc priest is almost dead.
The orc priest hits you but does no damage.
The orc priest hits you with a +0 dagger.
The orc priest invokes the aid of Beogh against you.
Beogh smites you!
* * * LOW HITPOINT WARNING * * *
The orc priest hits you with a +0 dagger.
* * * LOW HITPOINT WARNING * * *
You feel very mighty all of a sudden.
The orc priest mumbles some strange prayers to Beogh against you.
Beogh smites you!
You die...

.... #.###.###..#
... ...........#
.#. ##.........#
.# .....>....# .
. #.........# ..#
#. #.........#
....#{#
########.##
....{oo### #.#
#o@.# #.#
###.########.####
#.........†...#
######........#
#........#
##.......#
#.......#
#.......#
#.......#


You could see 3 orc priests.

Vanquished Creatures
  An orc priest (D:2)
  An adder (D:2)
  A worm (D:2)
  3 dart slugs
  4 orcs (D:2)
  5 endoplasms
  3 giant cockroaches
  5 goblins
  A hobgoblin (D:2)
  5 quokkas
  A ball python (D:1)
  7 bats
  2 frilled lizards (D:1)
  5 kobolds (D:1)
  5 rats
49 creatures vanquished.

Notes
Turn   | Place    | Note
-------+----------+-------------------------------------------
     0 | D:1      | zeram the Troll Fighter began the quest for the Orb.
     0 | D:1      | Reached XP level 1. HP: 22/22 MP: 0/0
   242 | D:1      | Reached XP level 2. HP: 29/29 MP: 1/1
   529 | D:1      | Reached XP level 3. HP: 33/36 MP: 2/2
   886 | D:2      | Reached XP level 4. HP: 36/44 MP: 3/3
  1310 | D:3      | Killed from afar by an orc priest

Illustrated notes

Levels and vault maps discovered:
D:1:      tarquinn_simple_flora_water_b, layout_basic
D:2:      layout_rooms
D:3:      layout_rooms, trog_three_pillars_becter,
          hellmonk_ecumenical_altar_inner_sanctum

Skill      XL: |  1  2  3  4 |
---------------+-------------+-----
Maces & Flails | 2 3 |  3.0
Dodging        | 3 |  3.2
Shields        | 3 |  3.1
Fighting       | |  2.4

Action                   |  1- 3 |  4- 6 || total
-------------------------+-------+-------++-------
Melee: Mace              |    74 |    51 ||   125
       Flail             |    11 |       ||    11
  Use: Scroll            |     2 |     1 ||     3
       Potion            |     1 |     1 ||     2
Armor: Robe              |    38 |    26 ||    64
Dodge: Dodged            |    63 |    44 ||   107
Block: Kite shield       |    55 |    20 ||    75
